wizbiz, neutral female human Wizard ----- --- --- +... . .| |...----- .---- -.| -...|+i@| -------.|..| +.| ---------- |...|.%+| |.....|.|.. |.|` |........| |...|@..|+-|.._..|.-|-- ----..## .........| |...-|---..|.....|....--+--....|# |........| |..........|%...[|.............|############-......<.| |........{.---|---.{...........| ---------- |..............................| |...--|--.......%...-+---|--...| |...|...--------.---| |..)|...| |...|(((| |!%.-.-..| |.!%|...| |...|(((| |%%.|.|..|--|!?[|...| |...-----+------.----..-----...| |..............................| -------------------------------- wizbiz the Thaumaturge Experience level: 8 Strength: 13 Dexterity: 13 Constitution: 17 Intelligence: 18 Wisdom: 18 Charisma: 10 Health: 0(72) Energy: 14(80) Def: 6 Gold: 0 Moves: 17726 Dungeon seed: r8bNQBhInLC66ot9 Game ID: wizbiz_1529110997 Your Inventory: Weapons b - the blessed rustproof +1 Magicbane (weapon in hand) Armor e - a blessed +0 cloak of magic resistance (being worn) h - a blessed +2 pair of elven boots k - a blessed +0 Hawaiian shirt (being worn) m - a cursed -1 pair of fumble boots (being worn) o - an uncursed +0 leather armor (being worn) q - a blessed +2 orcish helm (being worn) Comestibles z - 3 uncursed food rations Scrolls i - an uncursed scroll of taming s - an uncursed scroll of teleportation u - a cursed scroll of blank paper w - 2 uncursed scrolls of enchant weapon D - a cursed scroll of destroy armor E - a cursed scroll of magic mapping G - 2 cursed scrolls of gold detection M - an uncursed scroll of stinking cloud X - a cursed scroll of teleportation Spellbooks a - an uncursed spellbook of protection f - an uncursed spellbook of detect monsters Potions g - an uncursed potion of confusion v - an uncursed potion of fruit juice C - an uncursed potion of levitation H - an uncursed potion of gain energy I - a cursed potion of blindness L - 2 cursed potions of gain ability R - a cursed potion of confusion T - a cursed potion of healing Z - a blessed potion of hallucination Rings c - an uncursed +1 ring of increase damage (on right hand) d - an uncursed +1 ring of increase accuracy U - an uncursed ring of searching V - a cursed ring of slow digestion (on left hand) Tools j - 6 cursed wax candles (0:400) l - 11 uncursed tallow candles (0:200) t - an uncursed magic whistle F - 2 cursed tallow candles (0:200) O - an uncursed credit card Y - a magic marker (0:41) Gems n - an uncursed worthless piece of black glass p - 3 uncursed worthless pieces of blue glass x - an uncursed worthless piece of orange glass y - 2 uncursed worthless pieces of violet glass B - an uncursed amber stone N - an uncursed garnet stone Q - 2 uncursed worthless pieces of yellowish brown glass Spells and supernatural/magical abilities: Name Level Category Fail Memory a - force bolt 1 attack 0% 12% f - fireball 4 attack 0% 15% p - protection 1 clerical 0% 100% B - cure blindness 2 healing 59% 12% H - haste self 3 escape 1% 52% W - pray for help -- divine ? -- Your skills at the end: Fighting Skills Weapon Skills quarterstaff [Basic] Spellcasting Skills attack spells [Expert] enchantment spells [Basic] escape spells [Basic] Final Attributes: You were piously aligned. You were magic-protected. You fumbled. You were telepathic. You had a +1 damage bonus. You had slower digestion. You are dead. Vanquished creatures: a large mimic 2 small mimics a tengu 2 giant beetles 4 leprechauns a mumak 3 gnome kings a lizard a chickatrice a jaguar a blue jelly a gnome mummy a snake an imp 4 rock moles a pony 2 fog clouds 4 shriekers 8 gnome lords 5 gnomish wizards 2 elf zombies a paper golem 5 giant ants 12 floating eyes 4 kittens 8 dwarves 3 homunculi 2 kobold lords 8 hill orcs a rothe 2 centipedes 3 giant bats a monkey 5 orc zombies 5 wererats 18 iguanas 6 acid blobs 7 coyotes 7 gas spores 8 hobbits 7 manes 4 large kobolds 6 hobgoblins 6 giant rats 7 cave spiders 2 brown molds 3 yellow molds 16 gnomes 2 garter snakes 3 gnome zombies 9 geckos 19 jackals 5 foxes 4 kobolds 11 goblins 4 sewer rats 23 grid bugs 7 bats 12 lichens 3 kobold zombies 26 newts 332 creatures vanquished. Voluntary challenges: You used a wielded weapon 266 times, starting on turn 243. You read items or engraved 33 times, starting on turn 443. You never genocided any monsters. You never polymorphed an object. You never changed form. You used no wishes. You never split a pudding. You never wrote Elbereth's name. You violated your moral code, losing 80 points of alignment, starting on turn 1649. Dungeon overview: The Dungeons of Doom: levels 1 to 9 Level 1 an altar to Thoth a long staircase Level 2 Level 3 an armor shop, a fountain stairs to The Gnomish Mines Level 4 Level 5 Level 6 a fountain Level 7 some fountains Level 8 Level 9 many fountains The Gnomish Mines: levels 4 to 6 Level 4 stairs to The Dungeons of Doom Level 5 Level 6 <- You were here many shops, a temple to Anhur, some fountains History has recorded: On T:1 you entered the Dungeons of Doom to retrieve the Amulet of Yendor! On T:68 you reached level 2 of The Dungeons of Doom. On T:822 you reached level 3 of The Dungeons of Doom. On T:934 you advanced to experience level 2. On T:1109 you reached level 1 of The Gnomish Mines. On T:1494 you reached level 4 of The Dungeons of Doom. On T:1622 you advanced to experience level 3. On T:1885 you advanced to experience level 4. On T:1969 you reached level 5 of The Dungeons of Doom. On T:2041 you reached level 6 of The Dungeons of Doom. On T:2049 you advanced to experience level 5. On T:6215 you advanced to experience level 6. On T:9306 you reached level 2 of The Gnomish Mines. On T:9376 you advanced to experience level 7. On T:10436 you reached level 7 of The Dungeons of Doom. On T:10654 you reached level 8 of The Dungeons of Doom. On T:10944 you reached level 9 of The Dungeons of Doom. On T:14029 you advanced to experience level 8. On T:17070 you received Magicbane from Thoth. On T:17355 you reached level 3 of The Gnomish Mines. Score breakdown: Gold: 0 ( 0 points) Experience: 8 levels (14739 points) Exploration: 9 levels ( 18.37%) (12247 points) Discoveries: 18 items ( 6.27%) ( 7513 points) Valuables value: (no points given unless you survive) Artifact value: 3500 (12056 points) Variety of kills: 61 monsters ( 16.01%) (12003 points) Turncount: 17726 turns (-3224 points) Survival: died (score multiplied by 80%) Total score: 44267 Latest messages: You can't lock a door with a credit card. You see here a large kobold corpse (6 zorkmids). You see here a mottled spellbook (800 zorkmids). You trip over it. You make a lot of noise! You see here an orange spellbook (133 zorkmids). "For you, esteemed lady; only 133 for this orange spellbook." f - an orange spellbook (unpaid, 133 zorkmids). You see a door open. You feel strong! You must have been exercising. You feel clumsy! You haven't been working on reflexes lately. You stop searching. (3x) You miss the tengu. The tengu bites! The magic-absorbing blade probes the tengu! The tengu bites! You miss the tengu. The tengu bites! You feel more confident in your weapon skills. You hit the tengu! The tengu bites! (2x) You die... Kinnegad comes and takes all your possessions. Final status: Goodbye wizbiz the Wizard, killed by a tengu... You died in The Gnomish Mines on dungeon level 6 with 44267 points, and 0 pieces of gold, after 17726 moves. You were level 8 with a maximum of 72 hit points when you died.